 Adventure DCSS version bcrawl-1.32 (webtiles) character file.

Game seed: 11716759916739364705

65342 Leeroy the Slasher (level 3, 21/21 HPs)
             Began as a Skeleton Skald on Aug 3, 2021.
             Quit the game on level 3 of the Dungeon.
             The game lasted 00:04:43 (3140 turns).

Leeroy the Slasher (Skeleton Skald)                 Turns: 3140, Time: 00:04:43

Health: 21/21      AC:  3    Str: 18    XL:     3   Next: 42%
Magic:  7/7        EV: 15    Int: 11    God:
Gold:   121        SH:  0    Dex:  9    Spells: 0/8 levels left
                                        Lives:  1   Deaths: 1

rFire    . . .     SeeInvis .   e - +2 short sword (speed)
rCold    + . .     Gourm    .   (no shield)
rNeg     + + +     Faith    .   b - +0 leather armour
rPois    ∞         Spirit   +   (no helmet)
rElec    .         Reflect  .   (no cloak)
rCorr    +         Harm     .   (no gloves)
MR       .....                  (no boots)
Stlth    +.........             (no amulet)
HPRegen  0.07/turn              c - +3 ring of evasion
MPRegen  0.10/turn              l - ring of resist corrosion

@: no status effects
A: no food or potions, cold resistance 1, deterioration 1, negative energy
resistance 3, torment resistance, unbreathing, magic shield, sturdy frame 1,
spell healing
a: no special abilities


You were on level 3 of the Dungeon.
You were not hungry.

You visited 1 branch of the dungeon, and saw 3 of its levels.

You collected 121 gold pieces.

Inventory:

Hand Weapons
 a - a +0 long sword
 e - a +2 short sword of speed (weapon)
 f - a -3 short sword
 g - a cursed -1 long sword
 k - a cursed +0 spear
Armour
 b - a +0 leather armour (worn)
 j - a +0 chain mail
Jewellery
 c - a +3 ring of evasion (left hand)
 l - a ring of resist corrosion (right hand)
Scrolls
 d - a scroll of fear
 h - a scroll of enchant weapon
 i - 3 scrolls of identify
 m - a scroll of magic mapping {unknown}


   Skills:
 - Level 2.0 Fighting
 + Level 5.7 Long Blades
 - Level 1.1 Armour
 - Level 2.0 Dodging
 - Level 3.0 Spellcasting
 - Level 0.1 Hexes
 - Level 3.2 Charms


You couldn't memorise any spells.
You knew the following spells:

 Your Spells              Type           Power        Failure   Level  Hunger
a - Infusion              Chrm           #.......     7%          1    N/A
b - Song of Slaying       Chrm           #.......     11%         2    N/A
c - Swiftness             Chrm/Air       #.......     22%         2    N/A
d - Spectral Weapon       Hex/Chrm       #.......     38%         3    N/A

Your spell library contained the following spells:

 Spells                   Type           Power        Failure   Level  Hunger
 Ozocubu's Armour         Chrm/Ice       #.......     38%         3    N/A
 Regeneration             Chrm/Necr      Unusable     N/A         3    N/A

Dungeon Overview and Level Annotations

Branches:
Dungeon (3/12)

Altars:
Ashenzari
Kikubaaqudgha
Lugonu
Okawaru
Xom

Annotations:
D:2 Sigmund, Terence


Innate Abilities, Weirdness & Mutations

You do not eat or drink.
You are immune to poison.
Your flesh is cold resistant. (rC+)
Your body sometimes deteriorates upon taking damage.
You are immune to negative energy. (rN+++)
You are immune to unholy pain and torment.
You can survive without breathing.
When hurt, damage is shared between your health and your magic reserves.
Your movements are slightly less encumbered by armour. (ER -2)
Casting spells heals you.


Message History

You closely miss the orc wizard.
The orc wizard is severely wounded.
The orc throws a poisoned tomahawk.
The poisoned tomahawk hits you.
* * * LOW HITPOINT WARNING * * *
You hit the orc wizard.
The orc wizard is almost dead.
The orc wizard gestures at you while chanting.
The puff of flame misses you.
You hit the orc wizard.
You kill the orc wizard!
The orc throws a poisoned tomahawk.
The poisoned tomahawk barely misses you.
You feel your dexterity returning.
A rat comes into view.
The orc throws a poisoned tomahawk.
The poisoned tomahawk hits you.
You die...
Xom reaches out...
You are now level 3!
You rejoin the land of the living...
Are you sure you want to abandon this character and quit the game? (Confirm with "yes".)

#..#.## #....# #...##
####...# #......#
#####.#....#
####..........# #######
####..!.....##...#
#.....#
#..@..########...###
#)....# #...### ###....
. #.....#####..#####.
#....
..##.....#............#
#....
...........##..########
#.... ......##......##
##.... ....#.........#
#..)).
.##....#......##### #
#..?..
....##......#.....####
.# #.....


There were no monsters in sight!

Vanquished Creatures
  An orc wizard (D:3)
  2 oozes
  2 worms
  A dart slug (D:2)
  5 leopard geckos
  2 orcs (D:3)
  A ball python (D:1)
  5 bats
  2 giant cockroaches
  4 goblins
  5 hobgoblins
  3 jackals (D:3)
  A frilled lizard (D:1)
  4 kobolds
  6 rats
44 creatures vanquished.

Notes
Turn   | Place    | Note
-------+----------+-------------------------------------------
     0 | D:1      | Leeroy the Skeleton Skald began the quest for the Orb.
     0 | D:1      | Reached XP level 1. HP: 12/12 MP: 4/4
   156 | D:1      | Reached skill level 3 in Long Blades
   195 | D:1      | Reached XP level 2. HP: 17/17 MP: 4/6
   699 | D:1      | Reached skill level 4 in Long Blades
   897 | D:1      | Learned a level 2 spell: Song of Slaying
   900 | D:1      | Learned a level 2 spell: Swiftness
  1214 | D:2      | Reached XP level 3. HP: 11/21 MP: 1/7
  1295 | D:2      | Noticed Terence
  1640 | D:2      | Learned a level 3 spell: Spectral Weapon
  1657 | D:2      | Found a shimmering altar of Xom.
  1659 | D:2      | Found a corrupted altar of Lugonu.
  1660 | D:2      | Found an iron altar of Okawaru.
  1685 | D:2      | Found a shattered altar of Ashenzari.
  1800 | D:2      | Noticed Sigmund
  2798 | D:3      | Found an ancient bone altar of Kikubaaqudgha.
  2809 | D:3      | Reached skill level 5 in Long Blades
  3103 | D:3      | Found a shattered altar of Ashenzari.
  3132 | D:3      | Reached XP level 4. HP: 10/26 MP: 2/8
  3139 | D:3      | Hit by a poisoned tomahawk thrown by an orc
  3140 | D:3      | Reached XP level 3. HP: 0/21 MP: 0/7
  3140 | D:3      | Quit the game

Skill      XL: |  1  2  3 |
---------------+----------+-----
Long Blades    | 3 4 5 |  5.7
Fighting       | |  2.0
Armour         | |  1.1
Dodging        | |  2.0
Spellcasting   | |  3.0
Hexes          | |  0.1
Charms         | |  3.2

Action                   |  1- 3 |  4- 6 || total
-------------------------+-------+-------++-------
Melee: Long sword        |    27 |       ||    27
       Short sword       |   290 |     7 ||   297
 Cast: Infusion          |     9 |       ||     9
       Song of Slaying   |     2 |       ||     2
       Spectral Weapon   |     2 |       ||     2
  Use: Scroll            |     6 |       ||     6
Armor: Leather armour    |    57 |     1 ||    58
Dodge: Dodged            |   235 |     3 ||   238
Block: Other             |       |     2 ||     2
